 Dungeon Crawl Stone Soup version 0.18.0-1-g0107ab7 (webtiles) character file.

21594 thecre the Impaler (level 12, -9/104 HPs)
             Began as a Merfolk Gladiator on May 5, 2016.
             Was a High Priest of Makhleb.
             Mangled by a nine-headed hydra (11 damage)
             ... on level 14 of the Dungeon.
             The game lasted 01:08:27 (16966 turns).

thecre the Impaler (Merfolk Gladiator)             Turns: 16966, Time: 01:08:29

Health: -9/104     AC: 19    Str: 22    XL:     12   Next: 91%
Magic:  28/28      EV: 22    Int: 10    God:    Makhleb [*****.]
Gold:   1321       SH:  0    Dex: 20    Spells: 0 memorised, 11 levels left

rFire  + . .     SeeInvis .     x - +10 halberd of Blood-Lust {freeze, rElec rN+ MP+9 Stlth+}
rCold  . . .     Gourm    .     T - +0 chain mail
rNeg   + . .     Faith    .     (shield currently unavailable)
rPois  .         Spirit   .     c - +0 helmet
rElec  +         Dismiss  .     o - +2 cloak
rCorr  .         Reflect  .     p - +2 pair of gloves {Dex+3}
SustAt .         Harm     .     r - +0 pair of boots
MR     .....                    z - amulet of the Air {Inacc +Fly rElec EV+5 RMsl}
Stlth  +.........               s - +3 ring of intelligence
                                t - ring of protection from fire

@: repel missiles, not resistant to hostile enchantments, very unstealthy
A: change form in water, swift swim, repulsion field 1, agile 1, robust 1,
strong 1, no device heal 1
a: Minor Destruction, Lesser Servant of Makhleb, Major Destruction, Greater
Servant of Makhleb, Renounce Religion, Evoke Flight


You were on level 14 of the Dungeon.
You worshipped Makhleb.
Makhleb was extremely pleased with you.
You were not hungry.

You visited 3 branches of the dungeon, and saw 17 of its levels.
You also visited: Bailey.

You collected 1945 gold pieces.
You spent 624 gold pieces at shops.

Inventory:

Hand Weapons
 a - a +0 trident
 q - the +0 mace of Dullness {crush, rElec rF+ Str+3 Int-2}
   (You found it on level 5 of the Dungeon)

   It inflicts extra damage upon your enemies.
   It affects your strength (+3).
   It affects your intelligence (-2).
   It protects you from fire.
   It insulates you from electricity.
 v - a +4 quarterstaff of chaos
 x - the +10 halberd of Blood-Lust (weapon) {freeze, rElec rN+ MP+9 Stlth+}
   (You bought it in a shop on level 6 of the Dungeon)

   It has been specially enchanted to freeze those struck by it, causing extra
   injury to most foes and up to half again as much damage against particularly
   susceptible opponents.
   It can also slow down cold-blooded creatures.
   It insulates you from electricity.
   It protects you from negative energy.
   It affects your magic capacity (+9).
   It makes you more stealthy.
 Q - the +0 scythe of the Whelk {slice, +Fly Str+3 Int+4}
   (You bought it in a shop on level 10 of the Dungeon)

   It inflicts extra damage upon your enemies.
   It affects your strength (+3).
   It affects your intelligence (+4).
   It lets you fly.
Missiles
 d - 11 throwing nets (quivered)
Armour
 b - a +0 leather armour
 c - a +0 helmet (worn)
 e - a +2 robe of fire resistance
 h - a +0 ring mail
 j - a +2 robe of fire resistance
 m - a +0 pair of gloves
 o - a +2 cloak (worn)
 p - a +2 pair of gloves of dexterity (worn)
 r - a +0 pair of boots (worn)
 w - a +0 cloak
 y - a +0 ring mail
 C - a +0 leather armour
 T - a +0 chain mail (worn)
Jewellery
 k - an uncursed ring of resist corrosion
 s - a +3 ring of intelligence (right hand)
 t - a ring of protection from fire (left hand)
 u - an uncursed ring of fire
 z - the amulet of the Air (around neck) {Inacc +Fly rElec EV+5 RMsl}
   (You found it on level 7 of the Dungeon)

   [amulet of inaccuracy]

   It reduces the accuracy of all your attacks.
   It affects your evasion (+5).
   It insulates you from electricity.
   It lets you fly.
   It protects you from missiles.
 A - a cursed amulet of inaccuracy
 P - an uncursed amulet of regeneration {unknown}
Wands
 f - a wand of slowing (25/48)
 B - a wand of lightning (1/15)
 H - a wand of polymorph (8/24)
 J - a wand of hasting (3/9)
 M - a wand of random effects (23/48)
 R - a wand of random effects (14/48)
 S - a wand of iceblast (7/15)
Scrolls
 g - 2 scrolls of amnesia
 i - 3 scrolls of remove curse
 E - a scroll of immolation
 I - a scroll of holy word {unknown}
 K - 7 scrolls of identify
 L - a scroll of fear {unknown}
Potions
 n - a potion of brilliance
Miscellaneous
 U - a plain deck of wonders
Comestibles
 N - 2 bread rations
 V - a slice of pizza


   Skills:
 - Level 9.2 Fighting
 - Level 16.0 Polearms
 - Level 2.0 Throwing
 - Level 6.8 Armour
 - Level 10.0 Dodging
 * Level 5.7 Stealth
 * Level 9.5 Invocations
 - Level 4.5 Evocations


You had 11 spell levels left.
You didn't know any spells.

Dungeon Overview and Level Annotations

Branches:
Dungeon (14/15)            Temple (1/1) D:7            Lair (0/8) D:8
    Orc (2/2) D:10
    Elf: Orc:2       Vaults: D:13-14

Altars:
Ashenzari
Cheibriados
Dithmenos
Elyvilon
Fedhas
Gozag
Kikubaaqudgha
Makhleb
Nemelex Xobeh
Okawaru
Pakellas
Qazlal
Ru
Sif Muna
Trog
Vehumet
Xom
Yredelemnul
Zin
The Shining One
Beogh

Shops:
D:6 (   D:9 !   D:10 ((

Portals:
Trove: D:10 (show slimy rune of Zot)

Annotations:
D:10 Maud


Innate Abilities, Weirdness & Mutations

You revert to your normal form in water.
You are very nimble and swift while swimming.
You are surrounded by a mild repulsion field (EV +2).
You are agile. (Dex +2)
You are robust (+10% HP).
Your muscles are strong. (Str +2)
Potions and wands are less effective at restoring your health.


Message History

The nine-headed hydra barely misses you.
The nine-headed hydra closely misses you.
The nine-headed hydra misses you.
The nine-headed hydra barely misses you.
The nine-headed hydra completely misses you.
The nine-headed hydra barely misses you.
The nine-headed hydra completely misses you.
The nine-headed hydra misses you. The nine-headed hydra bites you!
* * * LOW HITPOINT WARNING * * *
Your smoke demon completely misses the nine-headed hydra.
Your smoke demon hits the nine-headed hydra. x2
Evoke which item? (* to show all) (? for menu, Esc to quit)
Zapping:
M - a wand of random effects (will waste charges)
Press: ? - help, Shift-Dir - straight line, f - nine-headed hydra
Aim: a nine-headed hydra (lightly wounded)
The rock shatters into small pieces.
Evoking this partially-identified wand wasted a few charges.
The kobold demonologist closely misses you.
The nine-headed hydra bites you!
You die...

..# #.####
#....####
#.#.....#
###.#.....#
#..3+.....#
##.#D#D5...#
#.<#@K35...#
#..###5....#
#..# .....#
#..# .....#
#..# ..#+##
#... .##
#.## .. #.
##


You could see a nine-headed hydra, a four-headed hydra, a sun demon, a kobold
demonologist, a quasit, a crimson imp, a shadow imp and a friendly smoke demon.

Vanquished Creatures
  Kirke (D:11)
  Harold (D:10)
  A hydra (D:11)
  Erolcha (D:10)
  Erica (Orc:1)
  Urug (D:11)
  An orc high priest (D:10)
  The ghost of Lovchig the Blocker, a novice MiFi (Bailey)
  2 skeletal warriors
  A hill giant (D:12)
  An orc sorcerer (Orc:2)
  A manticore (D:11)
  A centaur skeleton (D:10)
  A kobold demonologist (D:12)
  2 guardian mummies (D:10)
  3 trolls
  A wraith (D:10)
  Sigmund (D:5)
  A hog (D:11)
  7 yaks
  A wyvern (D:10)
  2 hippogriffs (D:11)
  Edmund (D:6)
  2 water moccasins (D:10)
  6 ice beasts
  15 orc warriors
  3 sky beasts
  8 ogres
  A phantom (D:5)
  3 wasps
  A necrophage (D:10)
  5 centaurs
  7 giant frogs
  8 gnoll sergeants (Bailey)
  A wyvern skeleton (D:11)
  7 scorpions
  10 killer bees
  9 wights
  5 crimson imps
  Crazy Yiuf (D:5)
  7 hounds
  A giant frog zombie (D:8)
  3 jellies
  6 gnoll shamans (Bailey)
  10 orc priests
  17 orc wizards
  A giant frog skeleton (D:12)
  Terence (D:3)
  2 iguanas
  8 worker ants
  A killer bee zombie (D:5)
  A hound skeleton (D:5)
  Robin (D:3)
  21 gnolls
  13 adders
  2 shadow imps
  An adder zombie (D:6)
  2 oozes
  An adder skeleton (D:6)
  6 worms
  A dart slug (D:2)
  3 giant geckos
  49 orcs
  7 giant cockroaches
  16 goblins
  15 hobgoblins
  11 jackals
  5 quokkas
  3 ball pythons (D:2)
  10 bats
  3 giant newts
  13 kobolds
  11 rats
378 creatures vanquished.

Vanquished Creatures (collateral kills)
  A skeletal warrior (D:11)
  Sonja (D:11)
  An unseen horror (D:11)
  An orc warrior (D:12)
  2 ogres
  2 orcs
8 creatures vanquished.

Vanquished Creatures (others)
  4 humans (D:12)
4 creatures vanquished.

Grand Total: 390 creatures vanquished

Notes
Turn   | Place    | Note
--------------------------------------------------------------
     0 | D:1      | thecre the Merfolk Gladiator began the quest for the Orb.
     0 | D:1      | Reached XP level 1. HP: 16/16 MP: 1/1
   185 | D:1      | Reached XP level 2. HP: 22/22 MP: 2/2
   510 | D:1      | Reached skill level 5 in Polearms
   514 | D:1      | Reached XP level 3. HP: 24/28 MP: 3/3
  1121 | D:2      | Reached skill level 5 in Dodging
  1170 | D:2      | Reached XP level 4. HP: 32/34 MP: 4/4
  2040 | D:2      | Reached XP level 5. HP: 34/41 MP: 5/5
  2480 | D:2      | Found a blossoming altar of Fedhas.
  2586 | D:3      | Reached skill level 6 in Polearms
  2608 | D:3      | Noticed a sky beast
  2624 | D:2      | Killed a sky beast
  2624 | D:2      | Reached skill level 7 in Polearms
  2624 | D:2      | Reached XP level 6. HP: 22/47 MP: 6/6
  2786 | D:2      | Gained mutation: You are robust (+10% HP). [mutagenic meat]
  2787 | D:2      | Gained mutation: You are surrounded by a mild repulsion field (EV +2). [mutagenic meat]
  2788 | D:2      | Gained mutation: Potions and wands are less effective at restoring your health. [mutagenic meat]
  2979 | D:3      | Noticed Robin
  3016 | D:3      | Killed Robin
  3483 | D:3      | Noticed Terence
  3493 | D:3      | Killed Terence
  3516 | D:3      | Found an opulent altar of Gozag.
  4059 | D:4      | Reached skill level 5 in Fighting
  4059 | D:4      | Reached XP level 7. HP: 52/61 MP: 7/7
  4133 | D:4      | Found an oddly glowing altar of Pakellas.
  4133 | D:4      | Found a snail-covered altar of Cheibriados.
  4135 | D:4      | Found a bloodstained altar of Trog.
  4136 | D:4      | Found a radiant altar of Vehumet.
  4775 | D:5      | Entered Level 5 of the Dungeon
  4825 | D:5      | Noticed Sigmund
  4849 | D:5      | Killed Sigmund
  4849 | D:5      | Reached skill level 8 in Polearms
  4966 | D:5      | Reached XP level 8. HP: 28/71 MP: 8/8
  5272 | D:5      | Reached skill level 9 in Polearms
  6144 | D:5      | Found an iron altar of Okawaru.
  6271 | D:5      | Found a shimmering altar of Xom.
  6274 | D:5      | Found a burning altar of Makhleb.
  6283 | D:5      | Became a worshipper of Makhleb the Destroyer
  6414 | D:5      | Noticed Crazy Yiuf
  6428 | D:5      | Killed Crazy Yiuf
  6605 | D:5      | Got a slimy mace
  6609 | D:5      | Identified the cursed +0 mace of Dullness {crush, rElec rF+ Str+3 Int-2} (You found it on level 5 of the Dungeon)
  6772 | D:6      | Found Emufak's Antique Weapon Shop.
  6798 | D:6      | Reached skill level 10 in Polearms
  6932 | D:6      | Bought a transparent halberd for 234 gold pieces
  6932 | D:6      | Identified the +10 halberd of Blood-Lust {freeze, rElec rN+ MP+9 Stlth+} (You bought it in a shop on level 6 of the Dungeon)
  7121 | D:6      | Noticed Edmund
  7134 | D:6      | Killed Edmund
  8036 | D:7      | Reached skill level 11 in Polearms
  8038 | D:7      | Reached XP level 9. HP: 60/82 MP: 9/9
  8205 | D:7      | Found a staircase to the Ecumenical Temple.
  8215 | Temple   | Entered the Ecumenical Temple
  8621 | D:7      | Reached skill level 1 in Armour
  8626 | D:7      | Found a stormy altar of Qazlal.
  8690 | D:7      | Reached * piety under Makhleb
  9126 | D:8      | Found a staircase to the Lair.
  9343 | D:8      | Reached ** piety under Makhleb
  9375 | D:8      | Reached skill level 1 in Invocations
  9400 | D:8      | Found a flagged portal.
  9408 | Bailey   | Entered a bailey
  9553 | Bailey   | Noticed Lovchig's ghost (novice MiFi)
  9596 | Bailey   | Killed Lovchig's ghost
  9596 | Bailey   | Reached skill level 12 in Polearms
  9596 | Bailey   | Reached XP level 10. HP: 32/90 MP: 13/13
  9989 | Bailey   | Reached skill level 5 in Invocations
 10912 | D:9      | Found Assueh's Distillery.
 10975 | D:9      | Reached *** piety under Makhleb
 11082 | D:9      | Bought 2 potions of curing for 102 gold pieces
 11174 | D:9      | Found a glowing silver altar of Zin.
 11175 | D:9      | Found a shadowy altar of Dithmenos.
 11221 | D:9      | Reached skill level 13 in Polearms
 11952 | D:10     | Entered Level 10 of the Dungeon
 12065 | D:10     | Reached skill level 1 in Evocations
 12079 | D:10     | Reached XP level 11. HP: 96/97 MP: 16/16
 12170 | D:10     | Reached **** piety under Makhleb
 12265 | D:10     | Found Wohipnit's Antique Weapon Shop.
 12295 | D:10     | Bought an iridescent scythe for 288 gold pieces
 12295 | D:10     | Identified the cursed +0 scythe of the Whelk {slice, +Fly Str+3 Int+4} (You bought it in a shop on level 10 of the Dungeon)
 12400 | D:10     | Found Qaxadodd's Antique Weapon Shoppe.
 12409 | D:10     | Found a staircase to the Orcish Mines.
 12578 | D:10     | Noticed Harold
 12591 | D:10     | Killed Harold
 12931 | D:10     | Found a portal to a secret trove of treasure.
 13282 | D:10     | Reached skill level 5 in Armour
 13469 | Orc:1    | Entered Level 1 of the Orcish Mines
 13469 | Orc:1    | Noticed an orc high priest
 13477 | Orc:1    | Noticed Erolcha
 13528 | D:10     | Killed an orc high priest
 13528 | D:10     | Reached skill level 14 in Polearms
 13656 | D:10     | Killed Erolcha
 13716 | Orc:1    | Noticed Maud
 14114 | D:10     | Reached ***** piety under Makhleb
 14114 | D:10     | Reached skill level 15 in Polearms
 14228 | Orc:1    | Found a roughly hewn altar of Beogh.
 14444 | Orc:1    | Noticed Erica
 14452 | Orc:1    | Killed Erica
 14648 | Orc:2    | Entered Level 2 of the Orcish Mines
 14648 | Orc:2    | Found an iron altar of Okawaru.
 14663 | Orc:2    | Reached skill level 16 in Polearms
 14747 | Orc:2    | Noticed an orc sorcerer
 14757 | Orc:2    | Killed an orc sorcerer
 14757 | Orc:2    | Reached XP level 12. HP: 104/104 MP: 17/17
 14778 | Orc:2    | Found a roughly hewn altar of Beogh.
 14822 | Orc:2    | Noticed a soul eater
 14982 | D:11     | Noticed a four-headed hydra
 15011 | D:11     | Killed an 11-headed hydra
 15069 | D:11     | Noticed Sonja
 15605 | D:11     | Killed Sonja
 15872 | D:11     | Noticed Urug
 15893 | D:11     | Killed Urug
 15893 | D:11     | Reached skill level 10 in Dodging
 16373 | D:12     | Noticed Kirke
 16374 | D:12     | Noticed a sphinx
 16415 | D:12     | Noticed a sphinx
 16429 | D:11     | Gained mutation: You are agile. (Dex +2) [potion of mutation]
 16429 | D:11     | Gained mutation: Your muscles are strong. (Str +2) [potion of mutation]
 16435 | D:11     | Killed Kirke
 16728 | D:13     | Reached skill level 5 in Stealth
 16870 | D:12     | Noticed an eight-headed hydra
 16961 | D:14     | Noticed a sun demon
 16962 | D:14     | Noticed a four-headed hydra
 16965 | D:14     | HP: 2/104 [nine-headed hydra (8)]
 16966 | D:14     | Mangled by a nine-headed hydra

Skill      XL: |  1  2  3  4  5  6  7  8  9 10 11 12 |
---------------+-------------------------------------+-----
Polearms       | 5 7 8 11 12 13 16 | 16.0
Dodging        | 5 6 8 10 | 10.0
Fighting       | 3 5 6 8 9 |  9.2
Armour         | 2 3 5 6 |  6.8
Invocations    | 4 7 9 |  9.5
Evocations     | 1 4 |  4.5
Stealth        | 5 |  5.7
Throwing       | |  2.0

Action                   |  1- 3 |  4- 6 |  7- 9 | 10-12 || total
-------------------------+-------+-------+-------+-------++-------
Melee: Trident           |   117 |   249 |   220 |       ||   586
       Halberd           |       |       |   135 |   573 ||   708
       Tailslap          |       |       |     4 |     1 ||     5
Invok: Minor Destruction |       |       |     5 |    47 ||    52
       Lesser Servant of |       |       |       |    10 ||    10
       Major Destruction |       |       |       |     4 ||     4
Evoke: Wand              |       |       |       |     5 ||     5
  Use: Scroll            |     5 |       |     6 |     7 ||    18
       Potion            |       |     2 |     5 |     6 ||    13
 Stab: Sleeping          |     1 |     1 |     2 |     2 ||     6
       Distracted        |       |       |       |     2 ||     2
  Eat: Bread ration      |       |     2 |     1 |     1 ||     4
       Chunk             |       |     3 |       |       ||     3
       Meat ration       |       |     1 |     1 |     4 ||     6
       Fruit             |       |       |     4 |     4 ||     8
       Beef jerky        |       |       |     1 |       ||     1
Armor: Leather armour    |    10 |       |       |       ||    10
       Robe              |    26 |    48 |    21 |    29 ||   124
       Skin              |       |     4 |       |       ||     4
       Ring mail         |       |       |    33 |    11 ||    44
       Chain mail        |       |       |       |    99 ||    99
Dodge: Dodged            |   103 |   141 |   269 |   562 ||  1075
       Deflected         |       |       |       |    12 ||    12
